 Dungeon Crawl Stone Soup version 0.31-a0-848-gaac375c287 (webtiles) character file.

Game seed: 4478800050032295182

112 pokeman the Magician (level 4, -5/25 HPs)
             Began as a Deep Elf Hedge Wizard on Oct 5, 2023.
             Slain by a goblin
             ... wielding a +0 club
             ... led by Robin
              (6 damage)
             ... on level 3 of the Dungeon.
             The game lasted 00:05:47 (2311 turns).

pokeman the Magician (Deep Elf Hedge Wizard)        Turns: 2311, Time: 00:05:48

Health: -5/25      AC:  2    Str:  7    XL:     4   Next: 63%
Magic:  8/13       EV: 12    Int: 27    God:
Gold:   128        SH:  0    Dex: 14    Spells: 6/14 levels left

rFire   + . .        a - +0 dagger
rCold   . . .        (no shield)
rNeg    . . .        b - +0 robe
rPois   .            c - +0 hat
rElec   .            (no cloak)
rCorr   .            (no gloves)
SInv    .            (no boots)
Will    .....        (no amulet)
Stlth   ++           g - +6 ring of intelligence
HPRegen 0.24/turn    n - ring of protection from fire
MPRegen 0.13/turn

%: no passive effects
@: on blink cooldown
A: no striking features
a: no special abilities


You were on level 3 of the Dungeon.
You visited 1 branch of the dungeon, and saw 3 of its levels.

You collected 128 gold pieces.

Inventory:

Hand Weapons
 a - a +0 dagger (weapon)
Missiles
 s - 2 throwing nets
Armour
 b - a +0 robe (worn)
 c - a +0 hat (worn)
Jewellery
 g - a +6 ring of intelligence (left hand)
 n - a ring of protection from fire (right hand)
 o - a ring of fire
Scrolls
 e - 2 scrolls of torment {unknown}
 f - 4 scrolls of identify {unknown}
 h - 2 scrolls of noise {unknown}
 i - a scroll of fear {unknown}
 k - a scroll of teleportation {unknown}
 l - a scroll of revelation {unknown}
 p - 2 scrolls of poison {unknown}
 t - a scroll of fog {unknown}
Potions
 d - 2 potions of magic
 j - 2 potions of brilliance {unknown}
 m - 2 potions of curing {unknown}
 q - 2 potions of mutation {unknown}
 r - 2 potions of haste {unknown}


   Skills:
 - Level 1.0 Fighting
 - Level 1.0 Armour
 + Level 2.7 Dodging
 - Level 3.2 Stealth
 * Level 5.7 Spellcasting
 + Level 2.2 Conjurations
 - Level 1.1 Summonings
 - Level 1.1 Translocations
 + Level 0.0 Air Magic


You had 6 spell levels left.
You knew the following spells:

 Your Spells              Type           Power      Damage    Failure   Level
a - Magic Dart            Conj           76%        1d6       2%          1
b - Mephitic Cloud        Conj/Pois/Air  11%        N/A       14%         3
c - Call Imp              Summ           26%        N/A       6%          2
d - Blink                 Tloc           26%        N/A       6%          2

Your spell library contained the following spells:

 Spells                   Type           Power      Damage    Failure   Level
 Slow                     Hex            28%        N/A       7%          1
 Cigotuvi's Dreadful Rot  Necr/Pois/Air  14%        N/A       10%         2
 Ozocubu's Armour         Ice            7%         N/A       21%         3
 Manifold Assault         Tloc           13%        N/A       38%         4
 Ozocubu's Refrigeration  Ice            3%         4d8       100%        7


Dungeon Overview and Level Annotations

Branches:
Dungeon (3/15)

Altars:

Annotations:
D:3 Robin


Message History

The ball python constricts you. The goblin hits you with a +0 club. x2
The rat bites you.
The goblin hits you with a +1 dagger of protection.
There is a stone staircase leading up here.
Unknown command.
You escape the ball python's grasp.
The giant cockroach bites you but does no damage.
The goblin barely misses you.
The goblin hits you with a +1 dagger of protection.
The goblin hits you but does no damage. The ball python bites you.
The ball python grabs you.
You stop ascending the stairs.
The ball python constricts you.
Robin roars a battlecry!
The goblins go into a battle-frenzy!
The rat misses you. The hobgoblin hits you.
* * * LOW HITPOINT WARNING * * *
Unknown command.
Unknown command.
Unknown command.
Casting: Magic Dart (safe; 2% risk of failure)
Confirm with . or Enter, or press ? or * to list all spells.
You escape the ball python's grasp.
You blink.
Robin throws the goblin at you!
* * * LOW HITPOINT WARNING * * *
The goblin hits you but does no damage.
Unknown command.
Casting: Blink (safe; 6% risk of failure)
Confirm with . or Enter, or press ? or * to list all spells.
Aiming: Mephitic Cloud (quite dangerous; 14% risk of failure)
Press: ? - help, Shift-Dir - straight line, f - hobgoblin
Aim: a hobgoblin (strong, chance to affect: 96%)
The ball explodes into a vile cloud!
The stinking cloud engulfs the hobgoblin but does no damage.
The stinking cloud engulfs the goblin but does no damage.
You hear an angry hiss.
The hobgoblin is engulfed in noxious fumes.
The hobgoblin appears confused.
The hobgoblin barely misses the goblin.
The hobgoblin completely misses itself.
The goblin is engulfed in noxious fumes.
The goblin appears confused.
The goblin hits you with a +0 club.
You die...

...## #...#..
... ...#
#.....##.....
...#
#.>rgJ.J.....
####
#g..........S
#gggB.####...
#§g§#g# .
#○g○g.#
#g☼#...
#@.###. ####
#


You could see an endoplasm, a giant cockroach, 4 hobgoblins, 6 goblins and a
rat.

Vanquished Creatures
  Terence (D:3)
  3 gnolls (D:2)
  An adder (D:2)
  4 endoplasms
  3 giant cockroaches (D:1)
  3 goblins (D:1)
  4 hobgoblins
  6 jackals (D:1)
  5 quokkas
  2 ball pythons (D:1)
  3 bats
  5 frilled lizards
  3 kobolds
  A rat (D:2)
44 creatures vanquished.

Notes
Turn   | Place    | Note
-------+----------+-------------------------------------------
     0 | D:1      | pokeman the Deep Elf Hedge Wizard began the quest for the
                  | Orb.
     0 | D:1      | Reached XP level 1. HP: 10/10 MP: 7/7
   137 | D:1      | Reached XP level 2. HP: 16/16 MP: 4/9
   427 | D:1      | Reached skill level 5 in Spellcasting
   688 | D:1      | Reached XP level 3. HP: 17/20 MP: 3/11
   692 | D:1      | Learned a level 3 spell: Mephitic Cloud
   695 | D:1      | Learned a level 2 spell: Blink
   698 | D:1      | Learned a level 2 spell: Call Imp
  1305 | D:2      | Reached skill level 1 in Armour
  1343 | D:2      | Reached skill level 1 in Fighting
  1543 | D:2      | Reached XP level 4. HP: 20/25 MP: 7/13
  2071 | D:3      | Noticed Terence
  2092 | D:3      | Killed Terence
  2150 | D:3      | Noticed Robin
  2310 | D:3      | HP: 1/25 [Robin/goblin (2)]
  2311 | D:3      | Slain by a goblin

Illustrated notes

Levels and vault maps discovered:
D:1:      mrwooster_arrival_statue, layout_rooms, minmay_misc_feat_plants
D:2:      wad_woods_settlement, layout_basic
D:3:      cheibrodos_fertilizer, layout_rooms,
          gammafunk_temple_overflow_forgotten, overflow_temple_1_default,
          uniq_jessica, uniq_terence, uniq_robin

Skill      XL: |  1  2  3  4 |
---------------+-------------+-----
Spellcasting   | 5 |  5.7
Armour         | 1 |  1.0
Fighting       | 1 |  1.0
Conjurations   | 2 |  2.2
Stealth        | 3 |  3.2
Dodging        | |  2.7
Summonings     | |  1.1
Translocations | |  1.1

Action                     |  1- 3 |  4- 6 || total
---------------------------+-------+-------++-------
  Melee: Dagger            |    24 |    18 ||    42
   Cast: Magic Dart        |    89 |    13 ||   102
         Blink             |     1 |     1 ||     2
         Mephitic Cloud    |       |     3 ||     3
         Call Imp          |       |     1 ||     1
   Stab: Sleeping          |     1 |       ||     1
         Confused          |       |     4 ||     4
 Armour: Robe              |    24 |    24 ||    48
  Dodge: Dodged            |    37 |    18 ||    55

Table legend: (Time is in decaauts)
 A = Elapsed time spent in this place.
 B = Non-inter-level travel time spent in this place.
 C = Inter-level travel time spent in this place.
 D = Time resting spent in this place.
 E = Time spent auto-exploring this place.
 F = Levels seen in this place.
 G = Mean time per level.
                   A        B        C        D        E       F      G
               +--------+--------+--------+--------+--------+-----+--------+
         Total |   2311 |   2253 |     58 |    150 |   1814 |   3 |  770.3 |
       Dungeon |   2311 |   2253 |     58 |    150 |   1814 |   3 |  770.3 |
               +--------+--------+--------+--------+--------+-----+--------+

Top non-repeatable levels by time:
     D:2: 1286 daAuts
     D:1: 954 daAuts
     D:3: 70 daAuts
